 Dungeon Crawl Stone Soup version 0.27-a0-25-g087482e4d5 (webtiles) character file.

Game seed: 5480453619831293356

79009 PentaManta the Warrior (level 15, -1/147 HPs)
             Began as a Minotaur Berserker on Jan 3, 2021.
             Was the Champion of Trog.
             Slain by an ettin
             ... wielding a +0 great mace
              (10 damage)
             ... on level 2 of the Orcish Mines.
             The game lasted 01:02:37 (20077 turns).

PentaManta the Warrior (Minotaur Berserker)        Turns: 20077, Time: 01:02:38

Health: -1/147     AC: 23    Str: 33      XL:     15   Next: 19%
Magic:  14/14      EV: 20    Int:  9 (10) God:    Trog [******]
Gold:   1836       SH: 16    Dex: 23      Spells: 14/14 levels left

rFire    + . .     SeeInvis .   H - +8 war axe "Enak Piy" {freeze, rPois rF+ Str+3 Dex+4}
rCold    + + +     Faith    .   b - +0 kite shield
rNeg     . . .     Spirit   .   r - +2 chain mail {rPois}
rPois    +         Reflect  .   S - +1 hat of Incorporation {Rampage Str+3 Dex+2 Slay+3}
rElec    .         Harm     .   w - +1 cloak {rCorr}
rCorr    +         Rampage  +   y - +2 pair of gloves
Will     +....                  J - +0 pair of boots
Stlth    ..........             (no amulet)
HPRegen  0.34/turn              U - ring of Jealousy {rPois rC++ Int+6 Stlth+}
MPRegen  0.14/turn              P - +6 ring of dexterity

@: berserk cooldown, slowed, very slow
A: retaliatory headbutt, hooves 1, horns 2, cold resistance 1, deterioration 2
a: Renounce Religion, Berserk, Trog's Hand, Brothers in Arms


You were on level 2 of the Orcish Mines.
You worshipped Trog.
Trog was exalted by your worship.
You visited 3 branches of the dungeon, and saw 18 of its levels.
You visited the Abyss 1 time.
You also visited: Ossuary.

You collected 1836 gold pieces.

Inventory:

Hand Weapons
 a - a +0 fustibalus
 l - a +1 whip of venom
 m - a +3 broad axe of flaming
 H - the +8 war axe "Enak Piy" (weapon) {freeze, rPois rF+ Str+3 Dex+4}
   (You acquired it on level 12 of the Dungeon)

   It has been specially enchanted to freeze those struck by it, causing extra
   injury to most foes and up to half again as much damage against particularly
   susceptible opponents.
   It can also slow down cold-blooded creatures.
   It affects your strength (+3).
   It affects your dexterity (+4).
   It protects you from fire.
   It protects you from poison.
 Q - a +1 antimagic hand axe
Missiles
 j - 6 curare-tipped darts
 p - 145 sling bullets
 q - 73 poisoned darts
 B - 4 atropa-tipped darts
 M - 5 throwing nets
Armour
 b - a +0 kite shield (worn)
 e - the +0 hat of Recklessness {Regen+ rCorr Int-2 SInv}
   (You acquired it on level 2 of the Abyss)

   It affects your intelligence (-2).
   It lets you see invisible.
   It increases your rate of regeneration.
   It provides partial protection from all sources of acid and corrosion.
 r - a +2 chain mail of poison resistance (worn)
 w - a +1 cloak of preservation (worn)
 y - a +2 pair of gloves (worn)
 A - a +1 pair of gloves of dexterity
 J - a +0 pair of boots (worn)
 S - the +1 hat of Incorporation (worn) {Rampage Str+3 Dex+2 Slay+3}
   (You acquired it on level 2 of the Abyss)

   It affects your strength (+3).
   It affects your dexterity (+2).
   It affects your accuracy and damage with ranged weapons and melee attacks
   (+3).
   It bestows one free step when moving towards enemies.
 W - a +0 plate armour of fire resistance
Jewellery
 P - a +6 ring of dexterity (right hand)
 U - the ring of Jealousy (left hand) {rPois rC++ Int+6 Stlth+}
   (You found it on level 1 of the Orcish Mines)

   [ring of intelligence]

   It affects your intelligence (+6).
   It greatly protects you from cold.
   It protects you from poison.
   It makes you more stealthy.
Wands
 z - a wand of iceblast (35)
 D - a wand of digging (8)
 I - a wand of acid (14)
Scrolls
 d - 10 scrolls of remove curse
 f - 7 scrolls of identify
 g - 3 scrolls of fog
 o - 10 scrolls of teleportation
 t - 4 scrolls of magic mapping
 x - 3 scrolls of immolation
 F - 7 scrolls of enchant armour
 R - 4 scrolls of blinking
 V - 2 scrolls of fear
 Y - 3 scrolls of enchant weapon
Potions
 c - 3 potions of might
 h - a potion of ambrosia
 i - a potion of flight
 k - 3 potions of resistance
 n - 5 potions of attraction
 s - 2 potions of magic
 u - 8 potions of curing
 v - 2 potions of haste
 E - 2 potions of brilliance
 K - 2 potions of mutation
 L - 2 potions of cancellation
 O - 3 potions of invisibility
 T - a potion of berserk rage
 Z - 4 potions of lignification
Miscellaneous
 X - a condenser vane


   Skills:
 - Level 17.4 Fighting
 * Level 12.5 Axes
 - Level 13.3 Armour
 - Level 12.3 Dodging
 - Level 15.0 Shields


You had 14 spell levels left.
You didn't know any spells.
Your spell library was empty.

Dungeon Overview and Level Annotations

Branches:
Dungeon (15/15)            Temple (1/1) D:7            Lair (0/6) D:8
    Orc (2/2) D:10            Elf (0/3) Orc:2        Vaults (0/5) D:13
 Depths (0/5) D:15        Ossuary (visited)

Altars:
Ashenzari
Cheibriados
Dithmenos
Elyvilon
Fedhas
Gozag
Hepliaklqana
Kikubaaqudgha
Makhleb
Nemelex Xobeh
Okawaru
Qazlal
Ru
Sif Muna
Trog
Uskayaw
Vehumet
Wu Jian
Xom
Yredelemnul
Zin
The Shining One

Shops:
Orc:1 :

Portals:
Trove: D:15 (give +5 ice dragon scales)


Innate Abilities, Weirdness & Mutations

You reflexively headbutt those who attack you in melee.
You have a pair of horns on your head.
You have large cloven feet.
Your flesh is cold resistant. (rC+)
Your body often deteriorates upon taking damage.


Message History

You barely miss the deep troll. You block the deep troll's attack. x2
The deep troll misses you. Something hits you.
The ettin hits you with a +0 great mace!!
You block the ettin's attack.
You barely miss the ettin. You headbutt the ettin!!
The ettin is heavily wounded.
You hit the deep troll. You freeze the deep troll.
The deep troll closely misses you. You furiously retaliate!
You headbutt the deep troll.
The deep troll claws you but does no damage.
The deep troll misses you. Something hits you but does no damage.
The ettin hits you with a +0 great mace!!
The ettin hits you with a +0 dire flail!!!
* * * LOW HITPOINT WARNING * * *
Your body deteriorates!
You feel dopey. You block the deep troll's attack.
The deep troll completely misses you. You block the deep troll's attack.
Something hits you but does no damage. The ettin completely misses you.
The ettin hits you with a +0 dire flail!
You die...

....##.............
.....#............#
...#####.........# ..
.########........# ....
....#..#.........## #.....
....#.............##.......
....#......................
..............)T..........
.........###..)C@)......#
........## #####[)......#
#.......# ###..)....##
.#......# ##...)......#
##...### #...........# #
.#.# #............##.## .#
#.........).......##
##......###........#
#......# ##........


You could see an ettin and a deep troll.

Vanquished Creatures
  A tentacled starspawn (Abyss:2)
  A fire giant (D:15)
  The ghost of Gekinioc the Severer, a journeyman NaBe of Trog (D:15)
  A deep elf sorcerer (Abyss:2)
  An orc warlord (Orc:2)
  A stone giant (Orc:2)
  A fire dragon (D:15)
  Snorg (D:13)
  An ettin (D:13)
  Josephine (D:10)
  The ghost of Jeumo the Severer, a journeyman MiBe of Trog (D:13)
  An ogre mage (Orc:2)
  3 boulder beetles
  Erica (D:10)
  2 hydras
  2 dancing weapons (D:13)
  17 two-headed ogres
  A spectral stone giant (D:15)
  The ghost of Guecuaq the Covert, a journeyman KoDe of Cheibriados (Orc:1)
  A centaur warrior (D:15)
  2 thrashing horrors (Abyss:2)
  Sonja (D:12)
  8 skeletal warriors
  A spectral spriggan (D:15)
  2 wretched stars (Abyss:2)
  A sixfirhy (Abyss:2)
  A deep troll (Orc:2)
  An unseen horror (D:15)
  Pikel (D:5)
  A wizard (D:15)
  3 orc knights
  An iron dragon zombie (D:15)
  A wolf spider zombie (D:13)
  An orc sorcerer (Orc:1)
  5 cyclopes
  2 manticores
  A spectral ettin (D:15)
  A worldbinder (Abyss:2)
  7 ugly things
  An apocalypse crab (Abyss:2)
  A smoke demon (Abyss:2)
  A gargoyle (D:15)
  Maggie (D:10)
  A yaktaur (D:15)
  2 orange demons (Abyss:2)
  4 kobold demonologists
  A tengu conjurer (D:13)
  An ancient zyme (Abyss:2)
  A large abomination (Abyss:2)
  10 trolls
  3 meliai (D:15)
  A hornet (D:7)
  10 slime creatures
  A tengu simulacrum (D:15)
  A frost giant simulacrum (D:15)
  2 meliai zombies
  Sigmund (D:5)
  A wyvern (D:13)
  A small abomination (Abyss:2)
  7 wraiths
  11 yaks
  A vampire (D:14)
  Eustachio (D:5)
  5 vampire mosquitoes
  A basilisk (D:14)
  4 neqoxecs
  A steam dragon (D:12)
  3 wargs
  23 orc warriors
  A spriggan simulacrum (D:15)
  An eye of draining (D:15)
  4 ice beasts
  A black bear (shapeshifter) (D:13)
  2 black bears
  4 sky beasts
  3 starcursed masses (Abyss:2)
  3 phantoms
  23 ogres
  19 centaurs
  4 lemures
  4 big kobolds
  2 gnoll sergeants (D:7)
  8 bullfrogs
  A glowing shapeshifter simulacrum (D:15)
  5 scorpions
  A wyvern skeleton (D:12)
  12 killer bees
  15 wights
  2 electric eels (D:15)
  4 howler monkeys
  A crimson imp (Abyss:2)
  A bullfrog zombie (D:9)
  7 centaur zombies
  5 jellies
  3 quasits
  9 hounds
  10 orc priests
  3 centaur skeletons
  20 orc wizards
  5 bullfrog skeletons
  Jessica (D:2)
  4 iguanas
  11 worker ants
  4 big kobold zombies (Ossuary)
  A hound skeleton (D:8)
  A mummy (Ossuary)
  2 worker ant zombies
  Robin (D:2)
  11 gnolls
  13 adders
  5 white imps
  4 ufetubi
  An ooze (D:7)
  5 adder skeletons
  2 dart slugs
  A leopard gecko (D:6)
  69 orcs
  5 spectral bats (Ossuary)
  4 ball pythons
  5 giant cockroaches
  8 gnoll zombies (Ossuary)
  12 hobgoblins
  4 jackals (D:6)
  7 quokkas
  10 bats
  2 frilled lizards (D:1)
  11 goblins
  A goblin simulacrum (Ossuary)
  5 goblin zombies (Ossuary)
  2 hobgoblin zombies (Ossuary)
  31 kobolds
  2 kobold simulacra (Ossuary)
  6 kobold zombies (Ossuary)
  A leopard gecko zombie (D:8)
  5 orc zombies (Ossuary)
  5 rats
  4 rat simulacra (Ossuary)
  2 spectral goblins (Ossuary)
  3 spectral kobolds (Ossuary)
  2 starspawn tentacles (Abyss:2)
639 creatures vanquished.

Vanquished Creatures (others)
  A chaos spawn (Abyss:2)
  15 plants (D:5)
  3 starspawn tentacles (Abyss:2)
19 creatures vanquished.

Grand Total: 658 creatures vanquished

Notes
Turn   | Place    | Note
-------+----------+-------------------------------------------
     0 | D:1      | PentaManta the Minotaur Berserker began the quest for the
                  | Orb.
     0 | D:1      | Reached XP level 1. HP: 19/19 MP: 0/0
   155 | D:1      | Reached XP level 2. HP: 25/26 MP: 1/1
   555 | D:1      | Reached skill level 5 in Axes
  1047 | D:2      | Reached XP level 3. HP: 31/31 MP: 2/2
  1213 | D:2      | Noticed Jessica
  1216 | D:2      | Killed Jessica
  1280 | D:2      | Reached XP level 4. HP: 37/39 MP: 3/3
  1310 | D:2      | Reached ** piety under Trog
  1533 | D:2      | Noticed Robin
  1545 | D:2      | Killed Robin
  1546 | D:2      | Reached XP level 5. HP: 43/45 MP: 4/4
  2656 | D:3      | Reached skill level 4 in Fighting
  3147 | D:4      | Reached XP level 6. HP: 51/52 MP: 5/5
  3191 | D:4      | Found an opulent altar of Gozag.
  3661 | D:5      | Entered Level 5 of the Dungeon
  3661 | D:5      | Noticed Sigmund
  3671 | D:5      | Killed Sigmund
  3672 | D:5      | Reached skill level 5 in Fighting
  3672 | D:5      | Reached XP level 7. HP: 49/61 MP: 6/6
  3672 | D:5      | Noticed Pikel
  3959 | D:5      | Killed Pikel
  3960 | D:5      | Reached skill level 6 in Fighting
  3960 | D:5      | Reached skill level 5 in Armour
  3960 | D:5      | Reached skill level 5 in Dodging
  4004 | D:5      | Reached XP level 8. HP: 70/71 MP: 7/7
  4171 | D:5      | Reached skill level 1 in Shields
  4523 | D:5      | Noticed Eustachio
  4584 | D:5      | Killed Eustachio
  5047 | D:6      | Found an ancient bone altar of Kikubaaqudgha.
  5087 | D:6      | Reached *** piety under Trog
  5291 | D:6      | Found a sand-covered staircase.
  5295 | Ossuary  | Entered an ossuary
  5321 | Ossuary  | Reached skill level 5 in Shields
  5773 | Ossuary  | Reached **** piety under Trog
  5980 | D:6      | Reached XP level 9. HP: 65/78 MP: 8/8
  6461 | D:7      | Reached skill level 10 in Axes
  6573 | D:7      | Found a staircase to the Ecumenical Temple.
  6589 | Temple   | Entered the Ecumenical Temple
  7712 | D:8      | Reached skill level 7 in Fighting
  7786 | D:8      | Found a staircase to the Lair.
  8443 | D:8      | Reached XP level 10. HP: 86/86 MP: 9/9
  8811 | D:9      | Noticed a two-headed ogre
  8822 | D:9      | Killed a two-headed ogre
  8823 | D:9      | Reached skill level 8 in Fighting
  9131 | D:9      | Reached ***** piety under Trog
  9136 | D:9      | Noticed a two-headed ogre
  9147 | D:9      | Killed a two-headed ogre
  9157 | D:9      | Reached skill level 9 in Fighting
  9183 | D:9      | Reached skill level 10 in Shields
  9440 | D:9      | Identified 3 scrolls of acquirement
  9784 | D:10     | Entered Level 10 of the Dungeon
 10142 | D:10     | Noticed a two-headed ogre
 10150 | D:10     | Noticed Maggie
 10154 | D:10     | Noticed a red ugly thing
 10155 | D:10     | Killed a two-headed ogre
 10156 | D:10     | Reached XP level 11. HP: 65/99 MP: 10/10
 10161 | D:10     | Killed Maggie
 10162 | D:10     | Reached skill level 10 in Fighting
 10168 | D:10     | Killed a red ugly thing
 10172 | D:10     | Noticed a skeletal warrior
 10181 | D:10     | Noticed a skeletal warrior
 10182 | D:10     | Noticed a skeletal warrior
 10189 | D:10     | Noticed a skeletal warrior
 10190 | D:10     | Killed a skeletal warrior
 10198 | D:10     | Killed a skeletal warrior
 10198 | D:10     | Received a gift from Trog
 10204 | D:10     | Killed a skeletal warrior
 10212 | D:10     | Killed a skeletal warrior
 10582 | D:10     | Noticed Josephine
 10590 | D:10     | Killed Josephine
 10591 | D:10     | Reached skill level 11 in Fighting
 10670 | D:10     | Noticed a two-headed ogre
 10681 | D:10     | Killed a two-headed ogre
 10684 | D:10     | Noticed Erica
 10700 | D:10     | Killed Erica
 10831 | D:10     | Found a staircase to the Orcish Mines.
 11042 | Orc:1    | Entered Level 1 of the Orcish Mines
 11042 | Orc:1    | Found Foyfinwo's Book Emporium.
 11049 | Orc:1    | Noticed an orc knight
 11378 | D:11     | Reached XP level 12. HP: 70/112 MP: 11/11
 11719 | D:11     | Noticed a two-headed ogre
 11724 | D:11     | Killed a two-headed ogre
 11725 | D:11     | Reached skill level 12 in Fighting
 11727 | D:11     | Noticed a boulder beetle
 11732 | D:11     | Killed a boulder beetle
 12061 | D:11     | You fall into a shaft and drop 2 floors!
 12216 | D:13     | Noticed a boulder beetle
 12237 | D:12     | Killed a boulder beetle
 12332 | D:12     | Noticed a two-headed ogre
 12346 | D:12     | Killed a two-headed ogre
 12347 | D:12     | Reached skill level 10 in Armour
 12383 | D:11     | Noticed a boulder beetle
 12405 | D:11     | Killed a boulder beetle
 12812 | D:12     | Noticed a two-headed ogre
 12816 | D:12     | Killed a two-headed ogre
 12817 | D:12     | Reached skill level 13 in Fighting
 13008 | D:12     | Noticed Sonja
 13017 | D:12     | Noticed a five-headed hydra
 13022 | D:12     | Killed a four-headed hydra
 13523 | D:12     | Received a gift from Trog
 13889 | D:13     | Reached XP level 13. HP: 100/122 MP: 12/12
 13904 | D:13     | Found a gate to the Vaults.
 13983 | D:13     | Noticed Snorg
 14013 | D:13     | Killed Snorg
 14064 | D:13     | Noticed Jeumo's ghost (journeyman MiBe)
 14065 | D:13     | Noticed an ettin
 14066 | D:13     | Found a transporter.
 14076 | D:13     | Found a transporter.
 14815 | D:14     | Reached skill level 10 in Dodging
 14935 | D:14     | Reached skill level 14 in Fighting
 15417 | D:15     | Entered Level 15 of the Dungeon
 15432 | D:15     | Got a slimy scale mail
 15447 | D:15     | Identified the +5 scale mail of Agoetz {*Slow +Blink rF+
                  | Dex+4} (You found it on level 15 of the Dungeon)
 15574 | D:15     | Found a staircase to the Depths.
 15574 | D:15     | Noticed a fire giant
 15639 | D:15     | Killed a fire giant
 15818 | D:15     | Noticed a fire dragon
 15830 | D:15     | Killed a fire dragon
 15843 | D:15     | Reached skill level 15 in Shields
 16313 | D:15     | Received a gift from Trog
 16331 | D:15     | Reached skill level 15 in Fighting
 17060 | D:15     | Reached XP level 14. HP: 126/135 MP: 13/13
 17343 | D:15     | Found a portal to a secret trove of treasure.
 17350 | D:15     | Found a runed translucent gate.
 17350 | D:15     | Found a runed translucent gate.
 17355 | D:15     | Found a runed translucent gate.
 17361 | D:15     | Noticed Gekinioc's ghost (journeyman NaBe)
 17381 | D:15     | Killed Gekinioc's ghost
 18534 | D:12     | Cast into level 2 of the Abyss (Sonja)
 18598 | Abyss:2  | Lost intelligence.
 18609 | Abyss:2  | Reached skill level 16 in Fighting
 18627 | Abyss:2  | Noticed a starcursed mass
 18667 | Abyss:2  | Noticed an Executioner
 18691 | Abyss:2  | Noticed a starcursed mass
 18710 | Abyss:2  | HP: 1/95 [sixfirhy (9)]
 18717 | Abyss:2  | Acquired the +0 hat of Recklessness {Regen+ rCorr Int-2
                  | SInv}
 18719 | Abyss:2  | Acquired the +1 hat of Incorporation {Rampage Str+3 Dex+2
                  | Slay+3}
 18780 | Abyss:2  | Acquired a +1 cloak of preservation
 18875 | Abyss:2  | Noticed a deep elf sorcerer
 18891 | Abyss:2  | Killed a deep elf sorcerer
 18901 | Abyss:2  | Noticed a tentacled starspawn
 18908 | Abyss:2  | Killed a tentacled starspawn
 18911 | Abyss:2  | Noticed a Hell Sentinel
 18913 | D:12     | Escaped the Abyss
 18916 | D:12     | Killed Sonja
 19160 | D:12     | Acquired the +8 war axe "Enak Piy" {freeze, rPois rF+ Str+3
                  | Dex+4}
 19284 | D:13     | Killed Jeumo's ghost
 19285 | D:13     | Reached skill level 17 in Fighting
 19558 | Orc:1    | Found a transporter.
 19573 | Orc:1    | Found a transporter.
 19614 | Orc:1    | Noticed Guecuaq's ghost (journeyman KoDe)
 19616 | Orc:1    | Gained mutation: Your body sometimes deteriorates upon
                  | taking damage. [a neqoxec]
 19617 | Orc:1    | Gained mutation: You have large cloven feet. [a neqoxec]
 19618 | Orc:1    | Gained mutation: Your flesh is cold resistant. (rC+) [a
                  | neqoxec]
 19619 | Orc:1    | Gained mutation: Your body often deteriorates upon taking
                  | damage. [a neqoxec]
 19627 | Orc:1    | Killed Guecuaq's ghost
 19633 | Orc:1    | Got the ring of Jealousy {Int+6}
 19648 | Orc:1    | Lost intelligence.
 19656 | Orc:1    | Identified the ring of Jealousy {rPois rC++ Int+6 Stlth+}
                  | (You found it on level 1 of the Orcish Mines)
 19795 | Orc:2    | Entered Level 2 of the Orcish Mines
 19796 | Orc:2    | Found a staircase to the Elven Halls.
 19835 | Orc:2    | Noticed a stone giant
 19841 | Orc:2    | Killed a stone giant
 19919 | Orc:2    | Noticed an orc warlord
 19931 | Orc:2    | Killed an orc warlord
 19933 | Orc:2    | Reached ****** piety under Trog
 19934 | Orc:2    | Received a gift from Trog
 20047 | Orc:2    | Reached XP level 15. HP: 147/147 MP: 14/14
 20049 | Orc:2    | Paralysed by an ogre mage for 4 turns
 20077 | Orc:2    | Slain by an ettin

Illustrated notes

Levels and vault maps discovered:
D:1:      wander_arrival_desolate, layout_loops_ring, minmay_pentomino_t2
D:2:      layout_basic, uniq_robin, uniq_crazy_yiuf_cottage, uniq_jessica
D:3:      layout_loops_cross
D:4:      layout_cave_pools, grunt_gozag_breadcrumbs
D:5:      layout_cave_pools, serial_bayou, serial_bayou_pond_c,
          serial_bayou_pond_b, serial_bayou_shore_a, serial_bayou_shore_b,
          serial_bayou_pond_b, uniq_eustachio, uniq_sigmund, uniq_pikel
D:6:      layout_gridville, old_standard_altar, enter_ossuary_5, kb_rosetta
D:7:      black_bear_nest_2, layout_basic, minmay_temple_entry_drinking_statues
D:8:      layout_gridville, lair_entry_dummy, chequers_serial_rivers_large_b,
          st_stairs_6
D:9:      hangedman_cross_stitches, layout_rooms
D:10:     layout_loops_ring, david_orc_4, uniq_erica, uniq_josephine,
          uniq_maggie
D:11:     layout_grid_maze, minmay_misc_feat_pillars,
          hangedman_decor_clover_reticule
D:12:     layout_basic, uniq_sonja
D:13:     layout_gridville, erik_vaults_1, gammafunk_ghost_smash, uniq_snorg
D:14:     layout_stronghold, chequers_serial_rivers_micro_e
D:15:     grunt_enter_depths_giant_problem, layout_stronghold,
          nrook_pool_corridor, gammafunk_ghost_necromancy, enter_trove_0
Temple:   compressed_dpeg_circular_temple
Orc:1:    layout_caves, serial_shops, shop, gammafunk_ghost_stat_death
Orc:2:    st_orc_open, layout_diamond_mine

Skill      XL: |  1  2  3  4  5  6  7  8  9 10 11 12 13 14 15 |
---------------+----------------------------------------------+-----
Axes           | 4 5 6 7 9 10 11 12 | 12.5
Fighting       | 4 5 6 7 9 11 13 15 17 | 17.4
Armour         | 3 4 5 6 7 9 10 11 13 | 13.3
Dodging        | 3 5 7 8 9 10 12 | 12.3
Shields        | 5 8 10 12 14 15 | 15.0

Action                   |  1- 3 |  4- 6 |  7- 9 | 10-12 | 13-15 || total
-------------------------+-------+-------+-------+-------+-------++-------
Melee: Hand axe          |    58 |   112 |   346 |     7 |    22 ||   545
       Headbutt          |     6 |    17 |    98 |   151 |   223 ||   495
       Trident           |       |       |    93 |   155 |       ||   248
       Whip              |       |       |       |     6 |       ||     6
       War axe           |       |       |       |   318 |   517 ||   835
       Broad axe         |       |       |       |       |     4 ||     4
Invok: Berserk           |       |     2 |     5 |     9 |    13 ||    29
       Trog's Hand       |       |     1 |     3 |     3 |    10 ||    17
  Use: Scroll            |       |       |     7 |    25 |     5 ||    37
       Potion            |       |       |       |       |     9 ||     9
Armor: Animal skin       |     6 |       |       |       |       ||     6
       Ring mail         |     6 |    54 |   136 |    15 |       ||   211
       Leather armour    |     1 |       |       |       |       ||     1
       Chain mail        |       |       |       |    71 |   184 ||   255
Dodge: Dodged            |    50 |    64 |   221 |   184 |   303 ||   822
Block: Kite shield       |       |       |   233 |   338 |   497 ||  1068

Table legend: (Time is in decaauts)
 A = Elapsed time spent in this place.
 B = Non-inter-level travel time spent in this place.
 C = Inter-level travel time spent in this place.
 D = Time resting spent in this place.
 E = Time spent auto-exploring this place.
 F = Levels seen in this place.
 G = Mean time per level.
                   A        B        C        D        E       F      G
               +--------+--------+--------+--------+--------+-----+--------+
         Total |  20343 |  19132 |   1211 |   1095 |  13187 |  20 | 1017.2 |
       Dungeon |  18706 |  17504 |   1202 |    865 |  12931 |  15 | 1247.1 |
        Temple |     90 |     90 |      0 |      0 |     74 |   1 |   90.0 |
  Orcish Mines |    565 |    556 |      9 |     30 |    182 |   2 |  282.5 |
         Abyss |    411 |    411 |      0 |      0 |      0 |   1 |  411.0 |
       Ossuary |    569 |    569 |      0 |    200 |      0 |   1 |  569.0 |
               +--------+--------+--------+--------+--------+-----+--------+

Top non-repeatable levels by time:
    D:15: 2517 daAuts
    D:12: 1850 daAuts
    D:11: 1468 daAuts
    D:10: 1450 daAuts
     D:8: 1246 daAuts
     D:2: 1241 daAuts
     D:7: 1130 daAuts
     D:5: 1057 daAuts
    D:13: 1048 daAuts
     D:9: 1043 daAuts
    D:14: 1037 daAuts
     D:1: 960 daAuts
     D:3: 944 daAuts
     D:6: 901 daAuts
     D:4: 809 daAuts
